 Dungeon Crawl Stone Soup version 0.24.0-125-gc4c63601f3 (webtiles) character file.

Game seed: 9240583004893165963, levelgen mode: deterministic

11785 Adamkad1 the Thrower (level 11, -5/106 HPs)
             Began as a Troll Hunter on Mar 13, 2020.
             Was a Priest of Trog.
             Slain by Snorg (11 damage)
             ... while paralysed by Maurice
             ... on level 1 of the Orcish Mines.
             The game lasted 00:20:20 (9090 turns).

Adamkad1 the Thrower (Troll Hunter)                 Turns: 9090, Time: 00:20:20

Health: -5/106     AC: 14    Str: 25    XL:     11   Next: 53%
Magic:  10/10      EV:  1    Int:  7    God:    Trog [***...]
Gold:   114        SH:  0    Dex: 10    Spells: 10/10 levels left

rFire    . . .     SeeInvis +     - Unarmed
rCold    . . .     Gourm    +   (no shield)
rNeg     . . .     Faith    .   r - +4 troll leather armour {Purgy}
rPois    .         Spirit   .   s - +2 hat
rElec    .         Reflect  .   (no cloak)
rCorr    .         Harm     .   (gloves unavailable)
MR       .....                  (boots unavailable)
Stlth    ..........             (no amulet)
HPRegen  1.07/turn              o - ring of attention (curse)
MPRegen  0.12/turn              u - ring of see invisible

@: paralysed
A: large, unfitting armour, claws 3, fast metabolism 3, gourmand, regeneration
1, shaggy fur 1, tough skin 3
a: Berserk, Trog's Hand, Renounce Religion


You were on level 1 of the Orcish Mines.
You worshipped Trog.
Trog was most pleased with you.
You were completely stuffed.

You visited 3 branches of the dungeon, and saw 12 of its levels.
You also visited: Sewer.

You collected 114 gold pieces.

Inventory:

Hand Weapons
 a - a +1 short sword
 t - the +3 trident "Embalmer" {pierce, MR++ MP-9 Int+5}
   (You found it on level 6 of the Dungeon)

   It inflicts extra damage upon your enemies.
   It affects your intelligence (+5).
   It affects your resistance to hostile enchantments.
   It affects your magic capacity (-9).
Missiles
 c - 4 large rocks (quivered)
 d - 3 throwing nets
Armour
 b - a +1 robe
 r - a +4 troll leather armour (worn) {Purgy}
 s - a +2 hat (worn)
Jewellery
 o - a cursed ring of attention (left claw)
 u - a ring of see invisible (right claw)
 B - an uncursed ring of poison resistance
Wands
 h - a wand of iceblast (25)
 i - a wand of paralysis (8)
 y - a wand of flame (13)
 z - a wand of acid (18)
Scrolls
 e - 10 scrolls of identify
 p - 4 scrolls of remove curse
 q - a scroll of teleportation
 v - 2 scrolls of enchant weapon
 x - a scroll of enchant armour
 A - a scroll of magic mapping
Potions
 g - a potion of brilliance
 j - 5 potions of curing
 k - a potion of invisibility
 m - a potion of heal wounds
 w - a potion of agility
Comestibles
 f - 22 rations
 C - 21 chunks of flesh


   Skills:
 + Level 6.3 Fighting
 * Level 10.8 Throwing
 + Level 6.3 Dodging
 - Level 0.6 Stealth
 * Level 10.5 Unarmed Combat


You had 10 spell levels left.
You didn't know any spells.
Your spell library was empty.

Dungeon Overview and Level Annotations

Branches:
Dungeon (10/15)            Temple (1/1) D:5            Lair (0/6) D:9
    Orc (1/2) D:10          Sewer (visited)

Altars:
Ashenzari
Cheibriados
Dithmenos
Elyvilon
Fedhas
Gozag
Hepliaklqana
Kikubaaqudgha
Makhleb
Nemelex Xobeh
Okawaru
Qazlal
Ru
Sif Muna
Trog
Uskayaw
Vehumet
Wu Jian
Xom
Yredelemnul
Zin
The Shining One

Shops:
D:6 %

Annotations:
Orc:1 Maurice, Snorg


Innate Abilities, Weirdness & Mutations

You are too large for most types of armour.
You have claws for hands.
Your metabolism is lightning-fast.
You like to eat raw meat.
Your natural rate of healing is unusually fast.
You are covered in fur. (AC +1)
You have extremely tough skin. (AC +3)


Message History

Maurice is heavily wounded.
Maurice zaps a wand.
You suddenly lose the ability to move!
Maurice hits you but does no damage. The orc hits you but does no damage.
Maurice hits you with a +0 dagger. Maurice steals your scroll of fog!
Snorg bites you! Snorg claws you. Snorg claws you but does no damage.
The orc hits you but does no damage.
Maurice zaps a wand.
You easily resist.
Snorg bites you. Snorg claws you! x2
The orc hits you but does no damage. Maurice hits you with a +0 dagger.
Maurice steals 415 gold pieces!
You now have 114 gold pieces.
Snorg goes berserk!
Snorg bites you!! Snorg claws you! Snorg claws you.
The orc hits you but does no damage.
Maurice zaps a wand.
You easily resist.
Snorg bites you!!
* * * LOW HITPOINT WARNING * * *
Snorg claws you but does no damage. x2; The orc hits you but does no damage.
Maurice hits you but does no damage. Snorg bites you.
* * * LOW HITPOINT WARNING * * *
Snorg claws you but does no damage. Snorg claws you!
You die...

##.##....#
.#...#.$..# #...
....#.....## ...
#$....$....##..#
...^...........##
...$............#
#..............##
#......><@o...$.#
.........T@....#
..#........#..###.
..................
..................
..................
#.......$.#......#
###.#...........##
#...... ...###
##...#. ..#.


You could see Snorg (berserk), Maurice (invisible) and an orc.

Vanquished Creatures
  Gastronok (D:9)
  Harold (D:7)
  2 two-headed ogres
  A centaur zombie (D:10)
  4 trolls
  A hornet (D:10)
  4 hippogriffs
  A spriggan (D:7)
  A wyvern (D:6)
  A vampire (D:9)
  11 yaks
  Eustachio (D:6)
  Menkaure (D:7)
  A water moccasin (D:9)
  Purgy (Sewer)
  An eye of draining (D:9)
  4 sky beasts
  A black bear (D:10)
  4 orc warriors (D:10)
  4 ogres
  A centaur (D:8)
  2 bullfrogs (D:8)
  A big kobold (D:7)
  2 scorpions
  10 killer bees
  3 wights (D:8)
  3 electric eels (D:10)
  2 howler monkeys
  A crimson imp (D:5)
  3 hounds
  Crazy Yiuf (D:7)
  A bullfrog skeleton (D:4)
  5 orc priests
  7 orc wizards
  Ijyb (D:3)
  2 iguanas
  5 worker ants
  A hound zombie (D:5)
  2 worker ant zombies (D:5)
  A howler monkey zombie (D:7)
  Robin (D:2)
  3 gnolls (D:5)
  5 adders
  2 river rats (D:4)
  3 shadow imps
  An ooze (D:1)
  An adder zombie (D:5)
  2 adder skeletons
  3 worms
  7 dart slugs
  2 leopard geckos
  32 orcs
  3 ball pythons
  9 giant cockroaches
  17 goblins
  19 hobgoblins
  6 jackals
  10 kobolds
  6 quokkas
  10 bats
  2 frilled lizards
  2 quokka zombies
  10 rats
256 creatures vanquished.

Vanquished Creatures (others)
  Sigmund (D:4)
  An orc (D:10)
  A plant (D:3)
3 creatures vanquished.

Grand Total: 259 creatures vanquished

Notes
Turn   | Place    | Note
-------+----------+-------------------------------------------
     0 | D:1      | Adamkad1 the Troll Hunter began the quest for the Orb.
     0 | D:1      | Reached XP level 1. HP: 19/19 MP: 0/0
   148 | D:1      | Reached XP level 2. HP: 26/27 MP: 1/1
   488 | D:1      | Reached XP level 3. HP: 33/33 MP: 2/2
  1130 | D:2      | Reached XP level 4. HP: 40/41 MP: 3/3
  1244 | D:2      | Reached skill level 1 in Unarmed Combat
  1334 | D:2      | Reached skill level 5 in Throwing
  1418 | D:2      | Noticed Robin
  1442 | D:2      | Killed Robin
  1935 | D:3      | Noticed Ijyb
  1959 | D:3      | Killed Ijyb
  1959 | D:3      | Reached XP level 5. HP: 49/49 MP: 4/4
  2413 | D:3      | You fall into a shaft and drop 1 floor!
  2483 | D:4      | Found a glowing drain.
  2512 | D:4      | Noticed Sigmund
  2517 | Sewer    | Entered a sewer
  2552 | Sewer    | Noticed Purgy
  2559 | Sewer    | Killed Purgy
  2559 | Sewer    | Reached XP level 6. HP: 51/57 MP: 5/5
  2631 | D:4      | Killed Sigmund
  3212 | D:3      | Reached XP level 7. HP: 65/66 MP: 6/6
  3495 | D:5      | Entered Level 5 of the Dungeon
  3685 | D:5      | Found a staircase to the Ecumenical Temple.
  3739 | Temple   | Entered the Ecumenical Temple
  3859 | Temple   | Became a worshipper of Trog the Wrathful
  4670 | D:5      | Found a glowing golden altar of the Shining One.
  4764 | D:6      | Noticed a wyvern
  4775 | D:6      | Killed a wyvern
  4780 | D:6      | Got a slimy trident
  4783 | D:6      | Identified the +3 trident "Embalmer" {pierce, MR++ MP-9
                  | Int+5} (You found it on level 6 of the Dungeon)
  4867 | D:6      | Noticed Eustachio
  4916 | D:6      | Killed Eustachio
  4916 | D:6      | Reached XP level 8. HP: 65/75 MP: 7/7
  4923 | D:6      | Found Tuem's Food Shop.
  5206 | D:6      | Reached skill level 5 in Unarmed Combat
  5231 | D:6      | Found a sacrificial altar of Ru.
  5376 | D:7      | Noticed Harold
  5398 | D:7      | Killed Harold
  5398 | D:7      | Reached * piety under Trog
  5466 | D:7      | Noticed Menkaure
  5475 | D:7      | Killed Menkaure
  5480 | D:7      | Reached XP level 9. HP: 66/84 MP: 8/8
  5544 | D:7      | Found a burning altar of Makhleb.
  5833 | D:7      | Found a runed translucent door.
  5834 | D:7      | Noticed Crazy Yiuf
  6185 | D:7      | Killed Crazy Yiuf
  6802 | D:9      | Found a staircase to the Lair.
  6802 | D:9      | Noticed Gastronok
  6802 | D:9      | Noticed a troll
  6842 | D:9      | Noticed a two-headed ogre
  6842 | D:9      | Noticed a two-headed ogre
  6853 | D:8      | Killed a two-headed ogre
  6915 | D:9      | Killed a two-headed ogre
  6915 | D:9      | Reached XP level 10. HP: 35/94 MP: 9/9
  6970 | D:8      | Reached skill level 5 in Fighting
  6970 | D:8      | Reached skill level 5 in Dodging
  7052 | D:9      | Found a blossoming altar of Fedhas.
  7097 | D:8      | Reached ** piety under Trog
  7435 | D:9      | Killed Gastronok
  7452 | D:9      | Found an ancient bone altar of Kikubaaqudgha.
  7509 | D:9      | Found a basalt altar of Yredelemnul.
  7522 | D:9      | Reached skill level 10 in Throwing
  7651 | D:9      | Reached XP level 11. HP: 83/105 MP: 10/10
  7842 | D:9      | Found an opulent altar of Gozag.
  7843 | D:9      | Found a stormy altar of Qazlal.
  7845 | D:9      | Found a hazy altar of Hepliaklqana.
  7845 | D:9      | Found a sacrificial altar of Ru.
  7902 | D:9      | Found a shimmering blue altar of Sif Muna.
  7948 | D:10     | Entered Level 10 of the Dungeon
  8172 | D:10     | Reached *** piety under Trog
  8206 | D:10     | Noticed an orc knight
  8309 | D:10     | Reached skill level 10 in Unarmed Combat
  8972 | D:10     | Received a gift from Trog
  9059 | D:10     | Found a staircase to the Orcish Mines.
  9069 | Orc:1    | Entered Level 1 of the Orcish Mines
  9069 | Orc:1    | Noticed Maurice
  9078 | Orc:1    | Noticed Snorg
  9084 | Orc:1    | Paralysed by Maurice for 7 turns
  9090 | Orc:1    | Slain by Snorg

Levels and vault maps discovered:
D:1:      dpeg_arrival_boxorama, layout_basic
D:2:      layout_basic, corexii_item_surrounded_by_moat,
          nicolae_underground_beach, uniq_robin
D:3:      layout_loops_ring, serial_bayou, serial_bayou_crossing,
          serial_bayou_shore_a, serial_bayou_pond_a, serial_bayou_shore_b,
          first_ration, uniq_ijyb
D:4:      layout_loops_ring, portal_sewer_entry_c, uniq_sigmund
D:5:      layout_rooms, lemuel_coloured_pillars_altar,
          minmay_temple_entry_ruins, serial_co_window_serial, co_window_paths_a,
          co_window_corner_a, co_window_paths_b, co_window_paths_b,
          co_window_paths_b, co_window_cross_3, co_window_corner_ca,
          co_window_cross_3, co_window_paths_c, co_window_unsneaky_path_a,
          co_window_unsneaky_path_a, co_window_paths_e, glass_columns_b,
          glass_columns_c, minmay_misc_feat_rugged, serial_park_tiny_1
D:6:      layout_basic, serial_shops, nicolae_shop_behind_doors,
          nicolae_ru_the_path_less_chosen, uniq_eustachio
D:7:      layout_loops_ring, kennysheep_mini_moat, the_bakery,
          small_statue_intersection, uniq_menkaure, uniq_crazy_yiuf_cottage,
          uniq_harold
D:8:      layout_basic
D:9:      layout_cave_pools, lemuel_crystal_altar, grunt_temple_overflow_open,
          led_sif_book, lair_entry_dummy, uniq_gastronok
D:10:     layout_roguey, erik_orc_2, eino_jars
Temple:   hc_temple_tempest_star
Orc:1:    layout_caves, ebering_ghost_xom, uniq_maurice, uniq_snorg, uniq_fannar

Skill      XL: |  1  2  3  4  5  6  7  8  9 10 11 |
---------------+----------------------------------+-----
Throwing       | 4 5 6 7 9 10 | 10.8
Unarmed Combat | 1 2 3 4 6 8 9 10 | 10.5
Dodging        | 2 3 4 5 6 |  6.3
Fighting       | 2 3 4 5 6 |  6.3
Stealth        | |  0.6

Action                   |  1- 3 |  4- 6 |  7- 9 | 10-12 || total
-------------------------+-------+-------+-------+-------++-------
Melee: Unarmed           |    91 |   223 |   232 |   328 ||   874
       Punch             |       |     1 |     3 |    10 ||    14
Throw: Large rock        |    24 |     9 |    12 |     2 ||    47
       Throwing net      |       |       |     1 |     1 ||     2
Invok: Berserk           |       |       |     3 |     3 ||     6
       Trog's Hand       |       |       |       |     2 ||     2
  Use: Scroll            |     1 |     9 |    10 |     5 ||    25
       Potion            |       |     2 |     4 |       ||     6
 Stab: Held in net/web   |       |       |       |     1 ||     1
  Eat: Chunk             |    16 |    19 |    34 |    27 ||    96
Armor: Robe              |    37 |   110 |       |       ||   147
       Troll leather arm |       |    10 |    80 |   115 ||   205
Dodge: Dodged            |    49 |   120 |   117 |   170 ||   456
